 Dungeon Crawl Stone Soup version 0.23.2-11-gf996548c65 (webtiles) character file.

Game seed: 11819739616276015438

137 myga the Insei (level 5, -5/37 HPs)
             Began as a Merfolk Transmuter on June 3, 2019.
             Killed by divine providence
             ... invoked by an orc priest
              (8 damage)
             ... on level 2 of the Dungeon.
             The game lasted 00:05:21 (1121 turns).

myga the Insei (Merfolk Transmuter)                 Turns: 1121, Time: 00:05:24

Health: -5/37      AC:  2    Str: 11    XL:     5   Next: 20%
Magic:  7/9        EV: 14    Int: 13    God:
Gold:   81         SH:  0    Dex: 14    Spells: 3/9 levels left

rFire    . . .     SeeInvis .     - Unarmed
rCold    . . .     Gourm    .   (no shield)
rNeg     . . .     Faith    .   b - +0 robe
rPois    .         Spirit   .   (no helmet)
rElec    .         Reflect  .   (no cloak)
rCorr    .         Harm     .   (no gloves)
MR       .....                  (no boots)
Stlth    +.........             (no amulet)
HPRegen  0.12/turn              (no ring)
MPRegen  0.11/turn              (no ring)

@: no status effects
A: change form in water, swift swim, stealthy swim
a: no special abilities


You were on level 2 of the Dungeon.
You were not hungry.

You visited 1 branch of the dungeon, and saw 2 of its levels.

You collected 81 gold pieces.

Inventory:

Missiles
 a - 10 arrows
 f - 44 stones (quivered)
Armour
 b - a +0 robe (worn)
Jewellery
 g - an uncursed amulet of faith
Scrolls
 e - a scroll of remove curse {unknown}
 h - a scroll of teleportation {unknown}
Potions
 c - a potion of agility {unknown}
 i - a potion of flight
Comestibles
 d - 3 rations


   Skills:
 + Level 1.3 Fighting
 + Level 3.7 Dodging
 + Level 4.9 Unarmed Combat
 + Level 2.7 Spellcasting
 + Level 3.5 Transmutations


You had 3 spell levels left.
You knew the following spells:

 Your Spells              Type           Power        Failure   Level  Hunger
a - Beastly Appendage     Tmut           ##....       5%          1    #......
b - Sticks to Snakes      Tmut           ##......     9%          2    ###....
c - Spider Form           Tmut/Pois      #.........   34%         3    ###....

Your spell library contained the following spells:

 Spells                   Type           Power        Failure   Level  Hunger
 Ice Form                 Ice/Tmut       #.......     75%         4    #####..
 Blade Hands              Tmut           ##........   83%         5    ######.


Dungeon Overview and Level Annotations

Branches:
Dungeon (2/15)

Altars:


Message History

Okay, then.
A bat comes into view.
Your adder bites the dart slug.
The dart slug barely misses you. The bat hits you but does no damage.
A rat comes into view.
The bat completely misses you. The bat hits you but does no damage.
The bat hits your adder. The bat completely misses you.
The bat hits you but does no damage. The bat closely misses you.
The orc priest casts a cantrip, but nothing happens.
The bat barely misses you. The bat closely misses you.
Your adder barely misses the bat.
The rat barely misses you. The bat hits you but does no damage.
The bat hits you.
* * * LOW HITPOINT WARNING * * *
The dart slug launches a dart at you. The slug dart hits your adder.
Your adder dies!
The orc priest mumbles some strange prayers to Beogh against you.
Beogh smites you!
You die...

..≈≈≈♣.♣≈≈≈≈≈.
#≈≈≈≈≈≈≈≈≈≈≈≈≈#
########.≈≈≈≈≈≈≈≈≈≈..#
.......#.≈≈≈≈≈≈≈≈≈≈≈≈#
.......#≈.≈......≈..≈#
.......#.....≈≈≈..≈!.#
....... #.!.........#
.......###..w........#
.......@b..=.o.#.....#
######..r....###{....#
#.......# ##....#
#.......# #o...#
#.......####....###
####...)).........#
#..............#
#####..........#
#..........#


You could see an orc priest, a dart slug, a bat and a rat.

Vanquished Creatures
  An ice beast (D:2)
  An adder (D:2)
  An ooze (D:2)
  2 bats (D:1)
  A giant cockroach (D:1)
  5 hobgoblins
  7 kobolds (D:1)
  A ball python (D:1)
  3 frilled lizards (D:1)
  8 goblins
  A rat (D:1)
31 creatures vanquished.

Vanquished Creatures (collateral kills)
  An orc (D:2)
1 creature vanquished.

Grand Total: 32 creatures vanquished

Notes
Turn   | Place    | Note
-------+----------+-------------------------------------------
     0 | D:1      | myga the Merfolk Transmuter began the quest for the Orb.
     0 | D:1      | Reached XP level 1. HP: 15/15 MP: 3/3
    73 | D:1      | Reached XP level 2. HP: 12/21 MP: 3/5
   247 | D:1      | Learned a level 2 spell: Sticks to Snakes
   733 | D:1      | Reached XP level 3. HP: 26/26 MP: 6/6
   735 | D:1      | Reached skill level 4 in Unarmed Combat
   971 | D:1      | Learned a level 3 spell: Spider Form
   973 | D:2      | Noticed an ice beast
  1006 | D:2      | Killed an ice beast
  1006 | D:2      | Reached XP level 4. HP: 5/32 MP: 5/8
  1006 | D:2      | Reached XP level 5. HP: 6/37 MP: 5/9
  1006 | D:2      | HP: 1/37 [adder (5)]
  1121 | D:2      | Killed from afar by an orc priest

Skill      XL: |  1  2  3 |
---------------+----------+-----
Dodging        | 3 |  3.7
Transmutations | 3 |  3.5
Unarmed Combat | 4 |  4.9
Fighting       | |  1.3
Spellcasting   | |  2.7

Action                   |  1- 3 |  4- 6 || total
-------------------------+-------+-------++-------
Melee: Unarmed           |    80 |    16 ||    96
       Headbutt          |     6 |     5 ||    11
 Cast: Beastly Appendage |    14 |     1 ||    15
       Sticks to Snakes  |       |     2 ||     2
  Use: Potion            |     1 |     1 ||     2
  Eat: Chunk             |     1 |       ||     1
Armor: Robe              |     7 |     7 ||    14
Dodge: Dodged            |    41 |    14 ||    55
